 Dungeon Crawl Stone Soup version 0.25.1-2-g60ff931df9 (webtiles) character file.

Game seed: 6861399986801257452

373 DogServant the Insei (level 6, 0/47 HPs)
             Began as a Merfolk Transmuter on Oct 19, 2020.
             Killed from afar by an orc wizard (8 damage)
             ... with a puff of flame
             ... on level 4 of the Dungeon.
             The game lasted 00:09:16 (4113 turns).

DogServant the Insei (Merfolk Transmuter)           Turns: 4113, Time: 00:09:17

Health: 0/47       AC:  2    Str: 13    XL:     6   Next: 71%
Magic:  3/9        EV: 17    Int: 12    God:
Gold:   160        SH:  0    Dex: 14    Spells: 3/9 levels left

rFire    . . .     SeeInvis .     - Unarmed
rCold    . . .     Gourm    .   (no shield)
rNeg     . . .     Faith    .   b - +0 robe
rPois    .         Spirit   .   (no helmet)
rElec    .         Reflect  .   (no cloak)
rCorr    .         Harm     .   (no gloves)
MR       .....                  (no boots)
Stlth    +.........             (no amulet)
HPRegen  0.15/turn              l - +4 ring of evasion
MPRegen  0.11/turn              (no ring)

@: brilliant, appendage
A: change form in water, swift swim, stealthy swim, horns 2
a: End Transformation


You were on level 4 of the Dungeon.
You were hungry.
You had grown temporary horns.
You visited 1 branch of the dungeon, and saw 4 of its levels.

You collected 160 gold pieces.

Inventory:

Missiles
 a - 60 arrows
 g - 2 throwing nets (quivered)
Armour
 b - a +0 robe (worn)
Jewellery
 l - a +4 ring of evasion (left hand)
 m - a +4 ring of evasion
Scrolls
 h - 2 scrolls of remove curse
 j - 2 scrolls of magic mapping
 k - a scroll of enchant weapon
 n - a scroll of immolation {unknown}
 o - a scroll of fear {unknown}
Comestibles
 d - 13 rations


   Skills:
 + Level 3.2 Fighting
 - Level 3.0 Dodging
 + Level 6.2 Unarmed Combat
 - Level 2.1 Spellcasting
 + Level 4.2 Transmutations
 - Level 2.0 Poison Magic


You had 3 spell levels left.
You knew the following spells:

 Your Spells              Type           Power        Failure   Level  Hunger
a - Beastly Appendage     Tmut           ###...       4%          1    None
b - Sticks to Snakes      Tmut           ###.....     7%          2    None
c - Spider Form           Tmut/Pois      ##........   22%         3    None

Your spell library contained the following spells:

 Spells                   Type           Power        Failure   Level  Hunger
 Ice Form                 Ice/Tmut       #.......     75%         4    None
 Blade Hands              Tmut           ###.......   78%         5    None


Dungeon Overview and Level Annotations

Branches:
Dungeon (4/15)
 Temple: D:4-7

Altars:
Nemelex Xobeh
Zin


Innate Abilities, Weirdness & Mutations

You revert to your normal form in water.
You are very nimble and swift while swimming.
You are very stealthy in the water. (Stealth+)
You have a pair of horns on your head.


Message History

Casting: Sticks to Snakes (safe; 7% risk of failure)
Confirm with . or Enter, or press ? or * to list all spells.
You feel a surge of power!
You grow a pair of large bovine horns.
The adder misses you. Something hits you.
* * * LOW HITPOINT WARNING * * *
Your adder completely misses the adder.
You closely miss the adder. Your headbutt misses the adder.
The adder bites you but does no damage.
The howler monkey hoots and howls with incredible vigour!
Your adder bites the adder.
The adder is poisoned.
Your adder poisons the adder!
Something closely misses you. The adder barely misses you.
You hear a howl!
You hear a shout!
You barely miss the adder.
The adder is moderately wounded.
Your adder closely misses the adder.
The howler monkey hits your adder.
You hear some strange, mumbled words.
A puff of flame appears from out of thin air!
The puff of flame hits you!
You die...

#.# #.## #
#.#.##
.##.###.########
..# ##........
###.###.########
#####)#.######
..$.....{....###
#####.(@SSo....#
#.###h##.#.# #.
.# # #$ S# # .#
h# .. ..


You could see a howler monkey, an adder (very poisoned), an orc and a friendly
adder.

Vanquished Creatures
  A crimson imp (D:4)
  5 orc wizards (D:4)
  A gnoll shaman (D:4)
  8 gnolls
  An adder (D:3)
  An ooze (D:2)
  3 worms
  2 dart slugs
  7 orcs
  A ball python (D:2)
  6 bats
  A giant cockroach (D:3)
  7 goblins
  6 hobgoblins
  3 jackals (D:2)
  2 quokkas (D:3)
  3 frilled lizards
  7 kobolds
  5 rats
70 creatures vanquished.

Vanquished Creatures (collateral kills)
  2 gnolls (D:2)
2 creatures vanquished.

Grand Total: 72 creatures vanquished

Notes
Turn   | Place    | Note
-------+----------+-------------------------------------------
     0 | D:1      | DogServant the Merfolk Transmuter began the quest for the
                  | Orb.
     0 | D:1      | Reached XP level 1. HP: 15/15 MP: 3/3
   148 | D:1      | Reached XP level 2. HP: 21/21 MP: 3/5
   788 | D:2      | Learned a level 2 spell: Sticks to Snakes
   830 | D:2      | Reached skill level 4 in Unarmed Combat
  1246 | D:2      | Reached XP level 3. HP: 24/26 MP: 4/6
  2209 | D:2      | Reached XP level 4. HP: 7/33 MP: 0/7
  2595 | D:2      | Learned a level 3 spell: Spider Form
  2895 | D:3      | Reached XP level 5. HP: 11/39 MP: 2/8
  3147 | D:3      | Reached skill level 1 in Poison Magic
  3200 | D:3      | Found a glowing silver altar of Zin.
  3559 | D:3      | Noticed an ice beast
  3748 | D:4      | Reached skill level 5 in Unarmed Combat
  3867 | D:4      | Reached XP level 6. HP: 27/47 MP: 3/9
  4095 | D:4      | Found a sparkling altar of Nemelex Xobeh.
  4100 | D:4      | Reached skill level 6 in Unarmed Combat
  4113 | D:4      | Killed from afar by an orc wizard

Illustrated notes

Levels and vault maps discovered:
D:1:      elethiomel_arrival_shortcut, layout_rooms, minmay_nonomino_d4
D:2:      layout_loops_corners, first_ration
D:3:      layout_basic, ashenzari_altar_1, old_standard_altar, minmay_cut_off
D:4:      layout_loops_ring, yredelemnul_forgotten_temple_becter,
          overflow_temple_1_default, uniq_eustachio, uniq_menkaure

Skill      XL: |  1  2  3  4  5  6 |
---------------+-------------------+-----
Dodging        | 3 |  3.0
Unarmed Combat | 4 5 6 |  6.2
Transmutations | 3 4 |  4.2
Fighting       | 2 3 |  3.2
Poison Magic   | 2 |  2.0
Spellcasting   | |  2.1

Action                   |  1- 3 |  4- 6 || total
-------------------------+-------+-------++-------
Melee: Unarmed           |   116 |   106 ||   222
       Headbutt          |    11 |    10 ||    21
       Punch             |       |     3 ||     3
 Cast: Beastly Appendage |    21 |    16 ||    37
       Sticks to Snakes  |     5 |     6 ||    11
       Spider Form       |       |     4 ||     4
  Use: Scroll            |     5 |     5 ||    10
       Potion            |     3 |     4 ||     7
 Stab: Sleeping          |     1 |     2 ||     3
       Distracted        |       |     1 ||     1
  Eat: Chunk             |     4 |     8 ||    12
Armor: Robe              |    22 |     4 ||    26
Dodge: Dodged            |    84 |    74 ||   158
